 Dungeon Crawl Stone Soup version 0.29.1-15-g9cfb28693d (webtiles) character file.

Game seed: 2836416363386307525

149 HOAXBANE2 the Trooper (level 5, 0/44 HPs)
             Began as a Human Artificer on Mar 10, 2023.
             Slain by a scorpion (3 damage)
             ... on level 3 of the Dungeon.
             The game lasted 00:29:47 (3640 turns).

HOAXBANE2 the Trooper (Human Artificer)             Turns: 3640, Time: 00:29:48

Health: 0/44       AC:  4    Str: 12    XL:     5   Next: 57%
Magic:  5/5        EV: 11    Int: 14    God:
Gold:   131        SH:  0    Dex: 13    Spells: 3/4 levels left

rFire   . . .      SeeInvis .   j - +1 short sword (speed)
rCold   . . .      Faith    .   (no shield)
rNeg    . . .      Spirit   .   g - +0 leather armour
rPois   .          Reflect  .   (no helmet)
rElec   .          Harm     .   m - +0 cloak
rCorr   .          Rampage  .   (no gloves)
Will    .....                   (no boots)
Stlth   +.........              (no amulet)
HPRegen 0.14/turn               (no ring)
MPRegen 0.09/turn               (no ring)

@: no status effects
A: no striking features
a: no special abilities


You were on level 3 of the Dungeon.
You visited 1 branch of the dungeon, and saw 4 of its levels.

You collected 170 gold pieces.
You spent 39 gold pieces at shops.

Inventory:

Hand Weapons
 j - a +1 short sword of speed (weapon)
 o - a +0 halberd
 p - a +2 dagger of freezing
Armour
 g - a +0 leather armour (worn)
 m - a +0 cloak (worn)
Wands
 c - a wand of flame (6)
 d - a wand of charming (12)
 e - a wand of iceblast (4)
Scrolls
 a - a scroll of summoning {unknown}
 b - a scroll of identify {unknown}
 f - 3 scrolls of teleportation
 h - a scroll of enchant armour {unknown}
 l - a scroll of enchant weapon {unknown}
 n - a scroll of amnesia
Potions
 i - 2 potions of curing {unknown}
 q - a potion of magic {unknown}
 r - a potion of resistance {unknown}


   Skills:
 - Level 5.0 Fighting
 - Level 2.0 Armour
 - Level 1.0 Dodging
 - Level 1.0 Stealth
 + Level 0.2 Spellcasting
 - Level 3.0 Evocations


You had 3 spell levels left.
You knew the following spells:

 Your Spells              Type           Power      Damage    Failure   Level
a - Sandblast             Erth           0%         2d4       36%         1

Your spell library contained the following spells:

 Spells                   Type           Power      Damage    Failure   Level
 Passwall                 Tmut/Erth      0%         N/A       50%         2
 Stone Arrow              Conj/Erth      0%         3d7       73%         3


Dungeon Overview and Level Annotations

Branches:
Dungeon (4/15)
 Temple: D:4-7

Altars:

Shops:
D:1 ?


Message History

You feel sick.
You are no longer poisoned.
You completely miss the scorpion.
The scorpion is moderately wounded.
The scorpion stings you.
You closely miss the scorpion.
The scorpion is moderately wounded.
The scorpion completely misses you.
You hit the scorpion.
The scorpion is moderately wounded.
The scorpion stings you!
* * * LOW HITPOINT WARNING * * *
Aiming: Throw Flame
Press: ? - help, Shift-Dir - straight line, f - scorpion
Aim: a scorpion (moderately wounded, 71% to hit)
The puff of flame hits the scorpion.
The scorpion is moderately wounded.
The scorpion completely misses you.
You hit the scorpion but do no damage.
The scorpion is moderately wounded.
The scorpion stings you.
* * * LOW HITPOINT WARNING * * *
Aiming: Throw Flame
Press: ? - help, Shift-Dir - straight line, f/p - scorpion
Aim: a scorpion (moderately wounded, 71% to hit)
The puff of flame misses the scorpion.
The scorpion stings you but does no damage.
The scorpion stings you.
* * * LOW HITPOINT WARNING * * *
Aiming: Charm
Press: ? - help, Shift-Dir - straight line, f/p - scorpion
Aim: a scorpion (moderately wounded, chance to affect: 56%)
Okay, then.
Unknown command.
Aiming: Charm
Press: ? - help, Shift-Dir - straight line, f/p - scorpion
Aim: a scorpion (moderately wounded, chance to affect: 56%)
The scorpion resists with significant effort.
The scorpion stings you.
You die...

#.......# #..<....#
#......## #......#
#################.#
#.........# #.#
#.#######.## #.# #.#
####...# #.########
#.###....@.# #.........
#........s.######..#######
#####.###..........##
#.........#####.....# ##
#.###.##..# ##...## #. #.#
#.....# ##.## #. #.#
####..# #.# #. #.######..#
#.# #. #.......†.# ##'##
#.


You could see a scorpion.

Vanquished Creatures
  2 iguanas (D:4)
  6 gnolls
  A dart slug (D:1)
  An orc (D:3)
  7 bats
  2 endoplasms
  A giant cockroach (D:1)
  A goblin (D:3)
  8 kobolds
  4 quokkas
  2 ball pythons (D:1)
  4 rats
39 creatures vanquished.

Vanquished Creatures (collateral kills)
  A quokka (D:4)
1 creature vanquished.

Vanquished Creatures (others)
  An adder (D:4)
1 creature vanquished.

Grand Total: 41 creatures vanquished

Notes
Turn   | Place    | Note
-------+----------+-------------------------------------------
     0 | D:1      | HOAXBANE2 the Human Artificer began the quest for the Orb.
     0 | D:1      | Reached XP level 1. HP: 15/15 MP: 1/1
   580 | D:1      | Reached skill level 2 in Fighting
   580 | D:1      | Reached XP level 2. HP: 2/22 MP: 2/2
   966 | D:1      | Found Zajunud's Magic Scroll Boutique.
   985 | D:1      | Bought a scroll of teleportation for 39 gold pieces
  1399 | D:1      | Reached XP level 3. HP: 26/28 MP: 3/3
  1728 | D:2      | Reached skill level 3 in Fighting
  2096 | D:2      | Reached XP level 4. HP: 36/36 MP: 4/4
  2221 | D:2      | Reached skill level 4 in Fighting
  2264 | D:2      | You fall into a shaft and drop 2 floors!
  2291 | D:4      | Reached XP level 5. HP: 41/43 MP: 5/5
  2695 | D:3      | Learned a level 1 spell: Sandblast
  3385 | D:3      | Reached skill level 5 in Fighting
  3622 | D:4      | Noticed a phantom
  3640 | D:3      | Slain by a scorpion

Illustrated notes

Levels and vault maps discovered:
D:1:      dpeg_arrival_castle, layout_basic, serial_shops,
          nicolae_shop_window_shopping
D:2:      layout_rooms, basic_altar, shapermc_ecumenical_altar_petra
D:3:      layout_loops_corners
D:4:      layout_loops_corners, minmay_close_crescents

Skill      XL: |  1  2  3  4  5 |
---------------+----------------+-----
Fighting       | 2 3 4 5 |  5.0
Armour         | |  2.0
Dodging        | |  1.0
Stealth        | |  1.0
Spellcasting   | |  0.2
Evocations     | |  3.0

Action                   |  1- 3 |  4- 6 || total
-------------------------+-------+-------++-------
Melee: Short sword       |    53 |    31 ||    84
       Club              |     7 |       ||     7
       Flail             |     1 |       ||     1
       Halberd           |       |    29 ||    29
 Fire: Sling             |    35 |       ||    35
Throw: Javelin           |     7 |    22 ||    29
Evoke: Wand              |     7 |     6 ||    13
  Use: Scroll            |       |     3 ||     3
Armor: Leather armour    |    37 |    24 ||    61
Dodge: Dodged            |    82 |    44 ||   126
